 Dungeon Crawl Stone Soup version 0.23.0 (webtiles) character file.

Game seed: 15783790850000857334

137 Ivernyr the Magician (level 5, 0/42 HPs)
             Began as a Naga Wizard on Feb 18, 2019.
             Slain by an ooze (1 damage)
             ... in a sewer.
             The game lasted 00:08:27 (2814 turns).

Ivernyr the Magician (Naga Wizard)                  Turns: 2814, Time: 00:08:28

Health: 0/42       AC:  2    Str:  9    XL:     5   Next: 20%
Magic:  0/11       EV: 10    Int: 20    God:
Gold:   112        SH:  0    Dex:  9    Spells: 3/12 levels left

rFire    . . .     SeeInvis +   k - +0 spear
rCold    . . .     Gourm    .   (no shield)
rNeg     . . .     Faith    .   a - +0 robe
rPois    +         Spirit   .   b - +0 hat
rElec    .         Reflect  .   (no cloak)
rCorr    .         Harm     .   (no gloves)
MR       .....                  (no barding)
Stlth    ++........             (no amulet)
HPRegen  0.14/turn              (no ring)
MPRegen  0.12/turn              (no ring)

@: lethally poisoned (0 -> -2), short of breath, very slightly contaminated,
hasted, quick
A: large, see invisible, deformed body, poison resistance, slowness 2, slow
metabolism 1, spit poison 1, AC +1
a: Spit Poison


You were in a sewer.
You were hungry.

You visited 1 branch of the dungeon, and saw 3 of its levels.
You also visited: Sewer.

You collected 112 gold pieces.

Inventory:

Hand Weapons
 k - a +0 spear (weapon)
Armour
 a - a +0 robe (worn)
 b - a +0 hat (worn)
Scrolls
 c - a scroll of blinking {unknown}
 e - 2 scrolls of enchant weapon {unknown}
 g - 4 scrolls of identify {unknown}
 j - 3 scrolls of teleportation {unknown}
 m - 2 scrolls of remove curse {unknown}
 n - a scroll of magic mapping {unknown}
 p - a scroll of random uselessness {unknown}
Potions
 f - a potion of haste
 h - 2 potions of degeneration {unknown}
 i - a potion of lignification {unknown}
 l - a potion of agility {unknown}
Comestibles
 d - 5 rations


   Skills:
 + Level 2.4 Dodging
 - Level 3.0 Stealth
 + Level 4.0 Spellcasting
 * Level 3.1 Conjurations
   Level 1.0 Summonings
 - Level 1.0 Translocations


You had 3 spell levels left.
You knew the following spells:

 Your Spells              Type           Power        Failure   Level  Hunger
a - Magic Dart            Conj           ###.         3%          1    None
b - Blink                 Tloc           N/A          13%         2    #......
c - Conjure Flame         Conj/Fire      ##......     21%         3    ###....
d - Mephitic Cloud        Conj/Pois/Air  #.......     26%         3    ###....

Your spell library contained the following spells:

 Spells                   Type           Power        Failure   Level  Hunger
 Call Imp                 Summ           #.......     13%         2    #......
 Slow                     Hex            #.......     19%         2    #......


Dungeon Overview and Level Annotations

Branches:
Dungeon (3/15)

Altars:


Innate Abilities, Weirdness & Mutations

You cannot wear boots.
Your serpentine skin is tough. (AC +1)
You have supernaturally acute eyesight. (SInv)
Armour fits poorly on your strangely shaped body.
Your system is resistant to poisons. (rPois)
You cover ground very slowly.
You have a slow metabolism.
You can spit poison.


Message History

The ooze is heavily wounded.
The ooze hits you but does no damage.
You hit the ooze but do no damage.
The ooze is heavily wounded.
You feel sick. The ooze hits you but does no damage. The ooze hits you.
* * * LOW HITPOINT WARNING * * *
You hit the ooze.
The ooze is severely wounded.
The ooze hits you.
* * * LOW HITPOINT WARNING * * *
Okay, then.
Unknown command.
Press: ? - help, Shift-Dir - straight line, f/p - ooze
Aim: an ooze (heavily wounded)
The splash of poison hits the ooze.
The ooze is severely wounded.
You feel slightly more hungry. The ooze hits you.
* * * LOW HITPOINT WARNING * * *
It was a potion of haste.
You feel yourself speed up. The ooze hits you.
You die...

#############
####≈≈≈≈.≈≈≈≈≈≈#
####≈≈†≈≈≈.≈≈≈≈≈≈≈.
##≈≈≈.≈..#########≈≈
##≈≈†≈≈#### ###
##≈≈J@### #≈≈≈†##
#≈.≈## #..≈≈ #≈≈≈#
#.≈≈≈ #∩.≈. #.≈≈≈
##≈≈


You could see an ooze.

Vanquished Creatures
  Natasha (D:3)
  3 adders
  3 oozes (Sewer)
  2 worms
  9 leopard geckos
  6 giant cockroaches
  5 hobgoblins
  7 kobolds
  4 ball pythons
  4 bats
  10 frilled lizards
  A goblin (D:1)
  7 rats
62 creatures vanquished.

Notes
Turn   | Place    | Note
-------+----------+-------------------------------------------
     0 | D:1      | Ivernyr the Naga Wizard began the quest for the Orb.
     0 | D:1      | Reached XP level 1. HP: 15/15 MP: 4/4
   103 | D:1      | Reached XP level 2. HP: 22/22 MP: 6/6
   111 | D:1      | Learned a level 2 spell: Blink
  1214 | D:2      | Reached XP level 3. HP: 28/28 MP: 6/8
  1223 | D:2      | Learned a level 3 spell: Conjure Flame
  1227 | D:2      | Learned a level 3 spell: Mephitic Cloud
  1601 | D:3      | Noticed Natasha
  1644 | D:3      | Killed Natasha
  1809 | D:3      | Reached XP level 4. HP: 36/36 MP: 9/9
  2087 | D:3      | Found a glowing drain.
  2091 | Sewer    | Entered a sewer
  2659 | Sewer    | Reached XP level 5. HP: 42/42 MP: 7/10
  2803 | Sewer    | Reached skill level 4 in Spellcasting
  2812 | Sewer    | HP: 2/42 [ooze (5)]
  2814 | Sewer    | Slain by an ooze

Skill      XL: |  1  2  3  4  5 |
---------------+----------------+-----
Dodging        | 2 |  2.4
Conjurations   | 2 3 |  3.1
Spellcasting   | 4 |  4.0
Stealth        | |  3.0
Summonings     | |  1.0
Translocations | |  1.0

Action                   |  1- 3 |  4- 6 || total
-------------------------+-------+-------++-------
Melee: Unarmed           |     7 |       ||     7
       Spear             |     3 |    30 ||    33
 Cast: Magic Dart        |    12 |    67 ||    79
 Abil: Spit Poison       |    25 |    18 ||    43
  Use: Potion            |       |     1 ||     1
  Eat: Chunk             |     3 |     3 ||     6
Armor: Robe              |       |    17 ||    17
Dodge: Dodged            |     9 |    39 ||    48
